 Dungeon Crawl Stone Soup version 0.30-a0-46-g5a63ccc183 (webtiles) character file.

Game seed: 9011317684861044950

114 pascalblue the Stinger (level 4, -1/24 HPs)
             Began as a Deep Elf Venom Mage on Sept 1, 2022.
             Slain by a goblin
             ... wielding a +0 dagger
             ... led by Robin
              (2 damage)
             ... on level 2 of the Dungeon.
             The game lasted 00:12:21 (2064 turns).

pascalblue the Stinger (Deep Elf Venom Mage)        Turns: 2064, Time: 00:12:22

Health: -1/24      AC:  4    Str: 11    XL:     4   Next: 67%
Magic:  5/12       EV: 13    Int: 22    God:
Gold:   135        SH:  0    Dex: 15    Spells: 10/11 levels left

rFire   . . .      SeeInvis .    r - +4 dagger
rCold   . . .      Faith    .    (no shield)
rNeg    . . .      Spirit   .    a - +0 robe
rPois   .          Reflect  .    p - +0 helmet
rElec   .          Harm     .    (no cloak)
rCorr   .          Rampage  .    (no gloves)
Will    .....                    n - +0 pair of boots
Stlth   ++........               (no amulet)
HPRegen 0.08/turn                h - +6 ring of strength
MPRegen 0.13/turn                (no ring)

@: no status effects
A: no striking features
a: no special abilities


You were on level 2 of the Dungeon.
You visited 1 branch of the dungeon, and saw 2 of its levels.

You collected 135 gold pieces.

Inventory:

Hand Weapons
 d - a +0 dagger
 i - a +2 vorpal hand axe
 r - a +4 dagger (weapon)
Armour
 a - a +0 robe (worn)
 n - a +0 pair of boots (worn)
 p - a +0 helmet (worn)
Jewellery
 h - a +6 ring of strength (left hand)
Scrolls
 c - 4 scrolls of identify {unknown}
 k - a scroll of blinking {unknown}
 l - a scroll of torment {unknown}
 s - a scroll of teleportation {unknown}
 u - a scroll of poison {unknown}
Potions
 b - a potion of magic
 e - 2 potions of degeneration {unknown}
 f - a potion of heal wounds {unknown}
 g - a potion of berserk rage {unknown}
 j - a potion of flight {unknown}
 m - a potion of ambrosia {unknown}
 o - 2 potions of haste
 q - a potion of brilliance {unknown}
 t - 2 potions of curing {unknown}
 v - a potion of might {unknown}


   Skills:
 + Level 3.4 Dodging
 + Level 3.6 Stealth
 + Level 4.0 Spellcasting
 + Level 2.3 Transmutations
 + Level 4.0 Poison Magic


You had 10 spell levels left.
You knew the following spells:

 Your Spells              Type           Power      Damage    Failure   Level
a - Sting                 Tmut/Pois      72%        1d6       3%          1

Your spell library contained the following spells:

 Spells                   Type           Power      Damage    Failure   Level
 Poisonous Vapours        Pois/Air       26%        N/A       8%          2
 Mephitic Cloud           Conj/Pois/Air  10%        N/A       21%         3
 Olgreb's Toxic Radiance  Pois           22%        N/A       22%         4


Dungeon Overview and Level Annotations

Branches:
Dungeon (2/15)

Altars:

Annotations:
D:2 Robin


Message History

Robin throws the goblin at you! The goblin attacks as you move away!
The goblin hits you but does no damage.
Casting: Sting (safe; 3% risk of failure)
Confirm with . or Enter, or press ? or * to list all spells.
Aiming: Sting (safe; 3% risk of failure)
Press: ? - help, Shift-Dir - straight line, f - goblin
Aim: a goblin, wielding a +0 dagger (67% to hit)
The sting misses the goblin.
The goblin hits you but does no damage. The goblin attacks as you move away!
The goblin hits you but does no damage.
Casting: Sting (safe; 3% risk of failure)
Confirm with . or Enter, or press ? or * to list all spells.
Aiming: Sting (safe; 3% risk of failure)
Press: ? - help, Shift-Dir - straight line, f/p - goblin
Aim: a goblin, wielding a +0 dagger (67% to hit)
The sting misses the goblin.
The goblin hits you with a +0 dagger. The goblin hits you but does no damage.
Robin roars a battlecry!
The goblins go into a battle-frenzy!
Robin drinks a potion.
Robin seems to speed up.
Okay, then.
The goblin attacks as you move away! The goblin barely misses you.
The goblin attacks as you move away! The goblin hits you but does no damage.
The goblin attacks as you move away! The goblin hits you with a +0 whip.
* * * LOW HITPOINT WARNING * * *
Robin says, "Feeling lonely?"
Robin throws the goblin at you!
* * * LOW HITPOINT WARNING * * *
The goblin unwields a +0 sling.
The goblin wields a +0 club.
The goblin misses you.
Robin says, "My goblins will feast on your bones."
The goblin attacks as you move away! The goblin closely misses you. x2
The goblin attacks as you move away! The goblin hits you with a +0 club.
* * * LOW HITPOINT WARNING * * *
The goblin unwields a +0 club.
The goblin wields a +0 sling.
The goblin shoots a sling bullet.
The sling bullet hits you but does no damage.
The goblin shoots a sling bullet.
The sling bullet hits you.
* * * LOW HITPOINT WARNING * * *
The goblin attacks as you move away! The goblin hits you with a +0 dagger.
You die...

#...# #.....# #....
#...########..##.# g..
#...#...........## .
#...#.........#....#
######...#.........#.##..
....######......g..### .
....# #...g..g..# ....#
#.....gg..# ....#
#......@..# #####
#........#.....
#........#.....
#........# ......#. #
#########......... ##
......... .#### ........
....##### .......
###.....#
############_#####


You could see Robin (fast) and 4 goblins.

Vanquished Creatures
  Jessica (D:2)
  3 adders (D:2)
  2 worms (D:2)
  3 dart slugs
  4 endoplasms
  A giant cockroach (D:1)
  7 goblins (D:2)
  5 hobgoblins
  4 jackals
  3 quokkas
  A ball python (D:1)
  3 bats
  A frilled lizard (D:1)
  4 kobolds
  6 rats
48 creatures vanquished.

Vanquished Creatures (others)
  8 demonic plants (D:2)
  7 fungi (D:2)
  8 plants (D:2)
  7 withered plants (D:2)
30 creatures vanquished.

Grand Total: 78 creatures vanquished

Notes
Turn   | Place    | Note
-------+----------+-------------------------------------------
     0 | D:1      | pascalblue the Deep Elf Venom Mage began the quest for the
                  | Orb.
     0 | D:1      | Reached XP level 1. HP: 10/10 MP: 6/6
   288 | D:1      | Reached XP level 2. HP: 15/15 MP: 6/8
  1082 | D:2      | Noticed Jessica
  1095 | D:2      | Reached XP level 3. HP: 9/19 MP: 5/10
  1104 | D:2      | Killed Jessica
  1438 | D:2      | Found a faded altar of an unknown god.
  1459 | D:2      | Reached XP level 4. HP: 21/24 MP: 9/11
  2023 | D:2      | Noticed Robin
  2063 | D:2      | HP: 1/24 [goblin/sling bullet[Robin] (1)]
  2064 | D:2      | Slain by a goblin

Illustrated notes

Levels and vault maps discovered:
D:1:      dpeg_arrival_simpleton_c, layout_rooms, serial_rivers,
          chequers_serial_rivers_large_b, chequers_serial_rivers_micro_d,
          chequers_serial_rivers_micro_e, chequers_serial_rivers_room_a,
          chequers_serial_rivers_small_3, chequers_serial_rivers_room_b,
          hangedman_decor_clover_reticule
D:2:      layout_basic, shapermc_ecumenical_altar_gd, uniq_robin, uniq_jessica

Skill      XL: |  1  2  3  4 |
---------------+-------------+-----
Stealth        | 3 |  3.6
Dodging        | 3 |  3.4
Transmutations | 2 |  2.3
Poison Magic   | 4 |  4.0
Spellcasting   | 4 |  4.0

Action                   |  1- 3 |  4- 6 || total
-------------------------+-------+-------++-------
Melee: Hand axe          |    14 |     3 ||    17
       Dagger            |       |    26 ||    26
 Cast: Sting             |    30 |    34 ||    64
Armor: Robe              |    11 |    20 ||    31
Dodge: Dodged            |    27 |    35 ||    62

Table legend: (Time is in decaauts)
 A = Elapsed time spent in this place.
 B = Non-inter-level travel time spent in this place.
 C = Inter-level travel time spent in this place.
 D = Time resting spent in this place.
 E = Time spent auto-exploring this place.
 F = Levels seen in this place.
 G = Mean time per level.
                   A        B        C        D        E       F      G
               +--------+--------+--------+--------+--------+-----+--------+
         Total |   2116 |   2090 |     26 |    446 |   1163 |   2 | 1058.0 |
       Dungeon |   2116 |   2090 |     26 |    446 |   1163 |   2 | 1058.0 |
               +--------+--------+--------+--------+--------+-----+--------+

Top non-repeatable levels by time:
     D:1: 1099 daAuts
     D:2: 1016 daAuts
